 Dungeon Crawl Stone Soup version 0.29.1-13-g9f3cf754e1 (webtiles) character file.

Game seed: 10362313090146417237

8703 suse60 the Fighter (level 11, -10/96 HPs)
             Began as a Formicid Fighter on Feb 2, 2023.
             Was a Priest of Makhleb.
             Mangled by a broodmother (30 damage)
             ... on level 8 of the Dungeon on Feb 3, 2023.
             The game lasted 01:01:07 (11133 turns).

suse60 the Fighter (Formicid Fighter)              Turns: 11133, Time: 01:01:08

Health: -10/96     AC: 18    Str: 24    XL:     11   Next: 60%
Magic:  14/14      EV:  8    Int:  7    God:    Makhleb [***...]
Gold:   436        SH:  8    Dex: 20    Spells: 10/10 levels left

rFire   + . .      SeeInvis +   a - +2 war axe (drain)
rCold   + . .      Faith    .   k - +2 buckler
rNeg    . . .      Spirit   .   n - +2 chain mail of the Ant {Dex+5}
rPois   +          Reflect  .   (helmet unavailable)
rElec   +          Harm     .   m - +1 cloak
rCorr   +          Rampage  .   (no gloves)
Will    +....                   i - +1 pair of boots
Stlth   ..........              o - amulet of magic regeneration
HPRegen 0.26/turn               r - ring of resist corrosion
MPRegen 0.54/turn               (no ring)

@: resistant
A: permanent stasis, dig shafts and tunnels, antennae 3, four strong arms
a: Dig, Shaft Self, Renounce Religion, Minor Destruction, Lesser Servant of
Makhleb


You were on level 8 of the Dungeon.
You worshipped Makhleb.
Makhleb was most pleased with you.
You visited 3 branches of the dungeon, and saw 10 of its levels.
You also visited: Sewer and Ossuary.

You collected 436 gold pieces.

Inventory:

Hand Weapons
 a - a +2 war axe of draining (weapon)
 s - the +4 mace "Gigowoy" {vorpal, rPois rF++ Int-3}
   (You found it on level 5 of the Dungeon)

   It inflicts extra damage upon your enemies.
   Int:       It affects your intelligence (-3).
   rF:        It greatly protects you from fire.
   rPois:     It protects you from poison.
Missiles
 h - 3 silver boomerangs (quivered)
Armour
 i - a +1 pair of boots (worn)
 k - a +2 buckler (worn)
 m - a +1 cloak (worn)
 n - the +2 chain mail of the Ant (worn) {Dex+5}
   (You found it in a sewer)

   Dex:       It affects your dexterity (+5).
Jewellery
 o - an amulet of magic regeneration (around neck)
 r - a ring of resist corrosion (left hand)
 u - a ring of fire
Wands
 f - a wand of flame (14)
 l - a wand of polymorph (2)
 t - a wand of roots (14)
Potions
 b - 2 potions of heal wounds
 c - 2 potions of flight
 e - 2 potions of lignification
 g - a potion of brilliance {unknown}
 p - a potion of mutation
 q - 3 potions of curing


   Skills:
 + Level 12.4 Fighting
 - Level 10.0 Axes
 - Level 10.0 Armour
 - Level 4.0 Shields
 - Level 4.5 Invocations


You had 10 spell levels left.
You didn't know any spells.
Your spell library contained the following spells:

 Spells                   Type           Power      Damage    Failure   Level
 Foxfire                  Conj/Fire      0%         2x1d4     97%         1
 Magic Dart               Conj           0%         1d3       97%         1
 Sandblast                Erth           0%         2d4       97%         1
 Shock                    Conj/Air       0%         1d3       97%         1
 Call Imp                 Summ           0%         N/A       99%         2
 Ensorcelled Hibernation  Hex/Ice        0%         N/A       99%         2
 Passwall                 Tmut/Erth      0%         N/A       99%         2
 Conjure Flame            Conj/Fire      0%         6-21      100%        3
 Gell's Gravitas          Tloc           0%         N/A       100%        3
 Inner Flame              Hex/Fire       0%         N/A       100%        3
 Lesser Beckoning         Tloc           0%         N/A       100%        3
 Mephitic Cloud           Conj/Pois/Air  0%         N/A       100%        3
 Stone Arrow              Conj/Erth      0%         3d7       100%        3
 Teleport Other           Tloc           0%         N/A       100%        3
 Tukima's Dance           Hex            0%         N/A       100%        3
 Airstrike                Air            0%         2d(0-16)  100%        4
 Flame Wave               Conj/Fire      0%         2d4       100%        4
 Leda's Liquefaction      Hex/Erth       0%         N/A       100%        4
 Passage of Golubria      Tloc           0%         N/A       100%        4
 Lee's Rapid Deconstruct  Erth           0%         3d5*      100%        5
 Yara's Violent Unravell  Hex/Tmut       0%         3d3       100%        5
 Statue Form              Tmut/Erth      0%         N/A       100%        6
 Swiftness                Air            Unusable   N/A       N/A         3

Dungeon Overview and Level Annotations

Branches:
Dungeon (8/15)             Temple (1/1) D:4            Lair (1/5) D:8
  Sewer (visited)         Ossuary (visited)

Altars:
Elyvilon
Makhleb
Nemelex Xobeh
Vehumet
The Shining One

Shops:
D:4 (   D:8 [

Annotations:
D:3 3 runed translucent doors, doomedcactus's ghost, amateur MeTm


Innate Abilities, Weirdness & Mutations

You cannot be hasted, slowed, berserked, paralysed or teleported.
You can dig through walls and to a lower floor.
You have a pair of large antennae on your head. (SInv)
Your four strong arms can wield two-handed weapons with a shield.


Message History

There is a staircase to the Lair here.
A demon appears!
The broodmother bites you!
* * * LOW HITPOINT WARNING * * *
A spider bursts forth from the wound!
Your neqoxec hits the broodmother! The broodmother bites your neqoxec!!
A spider bursts forth from the wound!
The orb spider begins to weave its threads into a brightly glowing ball.
Your neqoxec hits the broodmother.
You feel protected. The broodmother bites your neqoxec!!!
Your neqoxec dies!
Your neqoxec disappears in a puff of smoke!
The tarantella touches you but does no damage.
A demon appears!
The tarantella touches you.
* * * LOW HITPOINT WARNING * * *
You are confused.
Send 'em back where they came from!
Your ynoxinul shudders.
The tarantella touches you!
* * * LOW HITPOINT WARNING * * *
The tarantella attacks as you move away!
The tarantella touches you but does no damage.
Send 'em back where they came from!
Your ynoxinul shudders.
Your ynoxinul misses the tarantella.
Are you sure you want to stumble around while confused and next to your ynoxinul?
Okay, then.
You feel better. The tarantella completely misses you.
Your ynoxinul gestures.
You block the tarantella's attack.
You swap places.
Your ufetubus hits the tarantella but does no damage.
Your ufetubus misses the tarantella.
Your ufetubus hits the tarantella but does no damage.
Your ufetubus completely misses the tarantella.
The tarantella barely misses your ynoxinul.
Your ufetubus hits the broodmother but does no damage. x2
Your ynoxinul gestures.
You swap places.
The broodmother bites you!!
You die...

....#.#.# #.............~~..~~~P.
....#.#.# #..♣.♣#+##....~~≈..≈~~~
....'.#.# #..P.♣#+##...PP~~~~~~≈~
....###'###.........#.....P~≈≈≈≈~
..####...........÷>.#.......≈≈~~P
###⌠∩##........s....#.?....~~~P..
##....##........5...#...P...~....
#......##.......5s5s'.......'...#
...##...#.......@535#.......###..
..####..#..##########.......# #.#
.######.#.......#####.....~.# #.#
.#~##~#.#.......#...........# #.#
..####..#.......#...........###'#
..####..#.......#...........##...
#..##..##...................##...
##....###...................##...
.##..##..............^''....''...


You could see a broodmother, an orb spider (summoned, charged), a tarantella
(summoned, ally target), a friendly ynoxinul (summoned) and 5 friendly ufetubi.

Vanquished Creatures
  An elephant (Lair:1)
  A black mamba (Lair:1)
  A komodo dragon (Lair:1)
  2 hornets
  A slime creature (D:8)
  Sigmund (D:5)
  11 yaks
  A steam dragon (D:6)
  A basilisk (Lair:1)
  6 water moccasins
  Pargi (Sewer)
  4 ice beasts
  An orc warrior (D:7)
  5 sky beasts
  2 ogres
  A phantom (D:5)
  6 bullfrogs
  A necrophage (D:5)
  8 scorpions
  10 wights
  An electric eel (D:8)
  2 centaur zombies (Ossuary)
  A crimson imp (D:4)
  An orc priest (D:3)
  A jelly (D:6)
  A gnoll bouda (D:8)
  8 hounds
  Crazy Yiuf (D:3)
  Ijyb (D:3)
  An iron imp (D:5)
  2 iguanas
  2 scorpion zombies (Ossuary)
  6 orc wizards
  An ogre zombie (Ossuary)
  3 gnolls (D:8)
  7 adders
  3 shadow imps
  A white imp (D:8)
  5 ufetubi
  4 adder zombies (Ossuary)
  A worm (D:5)
  2 dart slugs
  21 orcs
  A ball python (D:3)
  5 endoplasms
  6 giant cockroaches
  2 gnoll zombies (Ossuary)
  10 goblins
  5 hobgoblins
  10 jackals
  A quokka (D:3)
  6 bats
  6 frilled lizards
  7 goblin zombies
  A hobgoblin zombie (Ossuary)
  15 kobolds
  2 kobold skeletons (D:5)
  2 kobold zombies (D:5)
  An orc skeleton (D:5)
  10 orc zombies
  4 rats (D:3)
  A spectral hobgoblin (D:2)
236 creatures vanquished.

Vanquished Creatures (collateral kills)
  A cyclops (D:8)
  Joseph (D:7)
  An orc priest (D:7)
  An ufetubus (D:7)
  An orc (D:7)
5 creatures vanquished.

Vanquished Creatures (others)
  A demonic plant (D:8)
  7 fungi
  12 plants
20 creatures vanquished.

Grand Total: 261 creatures vanquished

Notes
Turn   | Place    | Note
-------+----------+-------------------------------------------
     0 | D:1      | suse60 the Formicid Fighter began the quest for the Orb.
     0 | D:1      | Reached XP level 1. HP: 18/18 MP: 1/1
   191 | D:1      | Reached XP level 2. HP: 22/24 MP: 2/2
   765 | D:1      | Reached XP level 3. HP: 30/30 MP: 3/3
  1332 | D:2      | Reached skill level 4 in Fighting
  1468 | D:2      | Found a faded altar of an unknown god.
  2124 | D:3      | Reached XP level 4. HP: 29/38 MP: 4/4
  2242 | D:3      | Noticed an ogre
  2258 | D:3      | Killed an ogre
  2259 | D:3      | Reached skill level 5 in Fighting
  2259 | D:3      | Reached XP level 5. HP: 28/44 MP: 5/5
  2450 | D:3      | Reached XP level 6. HP: 24/51 MP: 6/6
  2668 | D:3      | Noticed Ijyb
  2679 | D:3      | Killed Ijyb
  2820 | D:3      | Found a runed translucent gate.
  2820 | D:3      | Found a runed translucent gate.
  2820 | D:3      | Found a runed translucent gate.
  2820 | D:3      | Noticed doomedcactus's ghost (amateur MeTm)
  2983 | D:3      | Reached skill level 6 in Fighting
  3143 | D:3      | Found a runed translucent door.
  3144 | D:3      | Noticed Crazy Yiuf
  3287 | D:3      | Killed Crazy Yiuf
  3288 | D:3      | Reached skill level 5 in Axes
  3288 | D:3      | Reached XP level 7. HP: 48/58 MP: 7/7
  3459 | D:4      | Found Onucuat's Antique Weapon Boutique.
  3593 | D:4      | Found a burning altar of Makhleb.
  3593 | D:4      | Found a radiant altar of Vehumet.
  3602 | D:4      | Became a worshipper of Makhleb the Destroyer
  3859 | D:4      | Found a staircase to the Ecumenical Temple.
  3865 | Temple   | Entered the Ecumenical Temple
  4208 | D:5      | Entered Level 5 of the Dungeon
  4242 | D:5      | Reached skill level 1 in Invocations
  4337 | D:5      | Noticed a hornet
  4617 | D:5      | Found a glowing golden altar of the Shining One.
  4633 | D:5      | Reached XP level 8. HP: 48/65 MP: 9/9
  4787 | D:5      | Reached skill level 7 in Fighting
  4848 | D:5      | Killed a hornet
  5141 | D:5      | Identified the +4 mace "Gigowoy" {vorpal, rPois rF++ Int-3}
  5149 | D:5      | Noticed Sigmund
  5162 | D:5      | Killed Sigmund
  5258 | D:5      | Reached * piety under Makhleb
  5259 | D:5      | Reached skill level 8 in Fighting
  5450 | D:6      | Found a sand-covered staircase.
  5458 | Ossuary  | Entered an ossuary
  5542 | Ossuary  | Reached XP level 9. HP: 62/75 MP: 10/10
  5570 | Ossuary  | Reached ** piety under Makhleb
  5618 | Ossuary  | Noticed a silent spectre
  5716 | D:6      | Reached skill level 9 in Fighting
  5780 | D:6      | Found a glowing drain.
  5790 | Sewer    | Entered a sewer
  5919 | Sewer    | Identified the +2 chain mail of the Ant {Dex+5}
  5997 | Sewer    | Noticed Pargi
  6010 | Sewer    | Killed Pargi
  6298 | D:6      | Reached skill level 10 in Fighting
  6578 | D:6      | Reached XP level 10. HP: 85/85 MP: 11/13
  6774 | D:6      | Identified the +1 leather armour "Jasot" {SInv}
  7266 | D:5      | Noticed a rust devil
  7266 | D:5      | Noticed a rust devil
  7286 | D:7      | Reached *** piety under Makhleb
  7370 | D:7      | Reached skill level 10 in Axes
  7370 | D:7      | Reached skill level 5 in Armour
  7479 | D:7      | Found a white marble altar of Elyvilon.
  7510 | D:7      | Found a sparkling altar of Nemelex Xobeh.
  7804 | D:7      | Noticed Joseph
  7812 | D:7      | Killed Joseph
  8714 | D:8      | Reached XP level 11. HP: 82/90 MP: 14/14
  8844 | D:8      | Found a staircase to the Lair.
  9603 | D:7      | Noticed an elephant
  9603 | D:7      | a slime creature changed into an elephant
  9603 | D:7      | Noticed an elephant
  9603 | D:7      | a slime creature changed into an elephant
 10061 | D:8      | Found Ninurta's Dragon-Slaying Spoils.
 10205 | Lair:1   | Entered Level 1 of the Lair of Beasts
 10243 | Lair:1   | Reached skill level 10 in Armour
 10415 | Lair:1   | Noticed an elephant
 10415 | Lair:1   | Noticed an elephant
 10415 | Lair:1   | Noticed an elephant
 10415 | Lair:1   | Noticed an elephant
 10450 | Lair:1   | Noticed a cyclops
 10450 | Lair:1   | an elephant changed into a cyclops
 10463 | D:8      | Killed a cyclops
 10464 | D:8      | Reached skill level 11 in Fighting
 10479 | Lair:1   | Killed an elephant
 10927 | Lair:1   | Reached skill level 12 in Fighting
 11072 | Lair:1   | Noticed an elephant
 11073 | Lair:1   | Noticed an elephant
 11121 | Lair:1   | Noticed a broodmother
 11121 | Lair:1   | an elephant changed into a broodmother
 11126 | D:8      | Noticed an orb spider
 11133 | D:8      | Mangled by a broodmother

Illustrated notes

Levels and vault maps discovered:
D:1:      amcnicky_arrival_double_pillar, layout_basic, glass_columns_b,
          minmay_tetromino_i2
D:2:      layout_loops_ring, dreamdust_ecumenical_altar_drowned_temple,
          guppyfry_early_lair_pool
D:3:      layout_basic, gammafunk_ghost_split, minmay_fractal_squares_5,
          uniq_ijyb, uniq_crazy_yiuf_cottage
D:4:      layout_loops_cross, grunt_temple_overflow_lords_of_destruction,
          minmay_temple_entry_fiery, serial_shops, nicolae_shop_statue_plus
D:5:      cheibrodos_iron_armory, layout_gridville,
          nicolae_tso_besieged_by_evil, kennysheep_generic_room_16, uniq_sigmund
D:6:      minmay_thick_lines, layout_basic, chequers_ossuary_entry_cave,
          portal_sewer_entry_f
D:7:      layout_basic, mainiacjoe_overflow_boulevard,
          nemelex_xobeh_ov_fountains_minmay, minivault_26, uniq_joseph
D:8:      layout_basic, lair_entry_dummy, serial_demonic, serial_demonic_d,
          serial_demonic_c, serial_demonic_e, serial_demonic_b,
          fungi_pond_lemuel, nicolae_shop_dragon_depot, grunt_ministairs_9,
          hangedman_decor_clover_reticule
Temple:   grunt_temple_mini_profane
Lair:1:   layout_regular_city, minmay_stone_trees_medium

Skill      XL: |  1  2  3  4  5  6  7  8  9 10 11 |
---------------+----------------------------------+-----
Fighting       | 4 5 6 8 10 12 | 12.4
Axes           | 3 4 5 7 9 10 | 10.0
Invocations    | 2 4 |  4.5
Armour         | 9 10 | 10.0
Shields        | |  4.0

Action                   |  1- 3 |  4- 6 |  7- 9 | 10-12 || total
-------------------------+-------+-------+-------+-------++-------
Melee: War axe           |    92 |    83 |   147 |    92 ||   414
       Mace              |       |       |   194 |   223 ||   417
Invok: Lesser Servant of |       |       |       |     4 ||     4
Evoke: Wand              |       |       |    13 |    21 ||    34
  Use: Scroll            |     8 |     2 |     8 |    11 ||    29
       Potion            |       |     3 |     6 |     6 ||    15
Armor: Scale mail        |    37 |    31 |   103 |       ||   171
       Chain mail        |       |       |    42 |   153 ||   195
Dodge: Dodged            |    39 |    23 |   117 |    90 ||   269
Block: Buckler           |    18 |    18 |   137 |    87 ||   260
